 Dungeon Crawl Stone Soup version 0.24.1-14-gf8d2b509d9 (webtiles) character file.

Game seed: 4590298564019690610, levelgen mode: deterministic

52 KlarStein the Cutter (level 3, 0/28 HPs)
             Began as a Demonspawn Gladiator on Nov 29, 2020.
             Slain by a bullfrog skeleton (5 damage)
             ... on level 3 of the Dungeon.
             The game lasted 00:05:21 (1985 turns).

KlarStein the Cutter (Demonspawn Gladiator)         Turns: 1985, Time: 00:05:22

Health: 0/28       AC:  3    Str: 14    XL:     3   Next: 60%
Magic:  3/3        EV: 13    Int:  9    God:
Gold:   155        SH:  0    Dex: 15    Spells: 2/2 levels left

rFire    . . .     SeeInvis .   s - +2 short sword (freeze)
rCold    . . .     Gourm    .   (no shield)
rNeg     . . .     Faith    .   b - +0 leather armour
rPois    .         Spirit   .   (helmet restricted)
rElec    .         Reflect  .   (no cloak)
rCorr    +         Harm     .   (no gloves)
MR       .....                  (no boots)
Stlth    ++........             (no amulet)
HPRegen  0.09/turn              k - ring of resist corrosion
MPRegen  0.08/turn              (no ring)

@: no status effects
A: antennae 1, powered by pain 1
a: no special abilities


You were on level 3 of the Dungeon.
You were not hungry.

You visited 1 branch of the dungeon, and saw 3 of its levels.

You collected 155 gold pieces.

Inventory:

Hand Weapons
 a - a +0 rapier
 s - a +2 short sword of freezing (weapon)
Missiles
 d - 3 throwing nets (quivered)
 h - 7 datura-tipped darts
 t - 6 poisoned darts
Armour
 b - a +0 leather armour (worn)
 c - a +0 helmet
Jewellery
 k - a ring of resist corrosion (left hand)
 r - an uncursed amulet of harm {unknown}
Scrolls
 e - a scroll of blinking {unknown}
 j - a scroll of identify {unknown}
 m - a scroll of amnesia {unknown}
 u - a scroll of remove curse {unknown}
Potions
 g - a potion of invisibility {unknown}
 i - 3 potions of heal wounds {unknown}
 l - 2 potions of berserk rage {unknown}
 n - a potion of curing {unknown}
 o - a potion of might {unknown}
 p - a potion of agility {unknown}
 q - 2 potions of ambrosia {unknown}
Comestibles
 f - 10 rations


   Skills:
 + Level 2.4 Fighting
 * Level 3.4 Short Blades
 - Level 1.7 Throwing
 + Level 3.0 Dodging
 + Level 1.2 Stealth


You had 2 spell levels left.
You didn't know any spells.
Your spell library was empty.

Dungeon Overview and Level Annotations

Branches:
Dungeon (3/15)

Altars:
Okawaru
Uskayaw


Innate Abilities, Weirdness & Mutations

You have a pair of small antennae on your head.
You sometimes gain a little power by taking damage.


Message History

The bullfrog skeleton is heavily damaged.
The bullfrog skeleton hits you.
* * * LOW HITPOINT WARNING * * *
You hit the bullfrog skeleton.
The bullfrog skeleton is heavily damaged.
The bullfrog skeleton misses you.
You hit the bullfrog skeleton.
The bullfrog skeleton is severely damaged.
The bullfrog skeleton hits you but does no damage.
The bullfrog skeleton barely misses you.
You hit the bullfrog skeleton.
The bullfrog skeleton is severely damaged.
The bullfrog skeleton hits you but does no damage.
You hit the bullfrog skeleton.
The bullfrog skeleton is almost destroyed.
The bullfrog skeleton closely misses you.
You hit the bullfrog skeleton.
The bullfrog skeleton is almost destroyed.
The bullfrog skeleton hits you.
You die...

..#.###### .
.........# ..
........#
...........#
...>.#.....#
.....#.....#
#.......#
##.......#########
#........Z@.......
##.......#########
#....รท..# #.......#
#.......# ..#.......#
(..........#
.......###.##########
##..P## #.# #......#


You could see a bullfrog skeleton.

Vanquished Creatures
  Terence (D:3)
  A dart slug (D:2)
  A leopard gecko (D:3)
  An orc (D:3)
  2 bats (D:1)
  A giant cockroach (D:2)
  3 goblins
  A hobgoblin (D:1)
  2 jackals (D:2)
  4 kobolds
  A frilled lizard (D:3)
  6 rats
24 creatures vanquished.

Notes
Turn   | Place    | Note
-------+----------+-------------------------------------------
     0 | D:1      | KlarStein the Demonspawn Gladiator began the quest for the
                  | Orb.
     0 | D:1      | Reached XP level 1. HP: 16/16 MP: 1/1
   693 | D:1      | Gained mutation: You have a pair of small antennae on your
                  | head. [demonic ancestry]
   693 | D:1      | Reached XP level 2. HP: 22/22 MP: 2/2
   954 | D:2      | Found an iron altar of Okawaru.
  1268 | D:2      | Found a hide-covered altar of Uskayaw.
  1956 | D:3      | Noticed Terence
  1975 | D:3      | Killed Terence
  1975 | D:3      | Reached skill level 1 in Stealth
  1975 | D:3      | Gained mutation: You sometimes gain a little power by
                  | taking damage. [demonic ancestry]
  1975 | D:3      | Reached XP level 3. HP: 20/28 MP: 3/3
  1985 | D:3      | Slain by a bullfrog skeleton

Levels and vault maps discovered:
D:1:      minmay_arrival_three_doors, layout_basic, dk_noncrumbling_4,
          minmay_quantized
D:2:      layout_rooms, okawaru_trees_2, eat_drink_and_be_merry_uskayaw
D:3:      layout_basic, grunt_temple_overflow_growth_and_decay,
          uniq_crazy_yiuf_cottage, uniq_terence, uniq_natasha

Skill      XL: |  1  2 |
---------------+-------+-----
Short Blades   | 3 |  3.4
Dodging        | 3 |  3.0
Stealth        | 1 |  1.2
Fighting       | |  2.4
Throwing       | |  1.7

Action                   || total
-------------------------++-------
Melee: Rapier            ||    52
       Short sword       ||    35
  Eat: Chunk             ||     3
Armor: Leather armour    ||    14
Dodge: Dodged            ||    44
